 Dungeon Crawl Stone Soup version 0.14-a0-2848-g1d0399b (webtiles) character file.

286 HollowCharge the Slasher (level 5, -6/36 HPs)
             Began as a High Elf Gladiator on Feb 27, 2014.
             Mangled by an iguana (8 damage)
             ... on Level 4 of the Dungeon.
             The game lasted 00:13:02 (3341 turns).

HollowCharge the Slasher (High Elf Gladiator)       Turns: 3341, Time: 00:13:03

HP  -6/36        AC 10     Str 15      XL: 5   Next: 16%
MP   8/8         EV 20     Int 11      God:
Gold 128         SH  0     Dex 21      Spells:  0 memorised,  4 levels left

rFire  . . .     SeeInvis .     a - +0 falchion
rCold  . . .     Clarity  .     b - +0 elf leather armour
rNeg   . . .     Conserve .     (no shield)
rPois  .         rCorr    .     c - +1 helmet
rElec  .         rRot     .     (no cloak)
SustAb . .       Spirit   .     m - +1 pair of gloves
rMut   .         Warding  .     v - +2 pair of boots
Saprov . . .     Stasis   .     (no amulet)
MR     .....                    (no ring)
                                o - ring of sustenance

@: agile, drained, not resistant to hostile enchantments, stealthy
A: no striking features
a: no special abilities


You were on level 4 of the Dungeon.
You were not hungry.

You visited 1 branch of the dungeon, and saw 4 of its levels.

You collected 128 gold pieces.

Inventory:

Hand weapons
 a - a +0,+0 falchion (weapon)
Missiles
 d - 3 throwing nets (quivered)
Armour
 b - a +0 elven leather armour (worn)
 c - a +1 helmet (worn)
 m - a +1 pair of gloves (worn)
 q - a +1 orcish chain mail
 v - a +2 pair of boots (worn)
Comestibles
 f - 3 bread rations
 g - a pear
 p - a rotting chunk of rat flesh
 r - a meat ration
 s - a chunk of adder flesh
Scrolls
 j - a scroll of remove curse
Jewellery
 o - a ring of sustenance (left hand)
 u - an uncursed ring of ice {unknown}
Potions
 e - 3 potions of heal wounds {unknown}
 k - a potion of flight
 n - 2 potions of restore abilities
Books
 h - a book of Conjurations

   Spells                             Type                      Level
   Magic Dart                         Conjuration                  1
   Searing Ray                        Conjuration                  2
   Dazzling Spray                     Conjuration/Hexes            3
   Fulminant Prism                    Conjuration/Hexes            4
   Iskenderun's Mystic Blast          Conjuration                  4
   Iskenderun's Battlesphere          Conjuration/Charms           5


   Skills:
 + Level 3.4(3.2) Fighting
 + Level 4.8(4.6) Long Blades
 - Level 2.1(1.9) Throwing
 + Level 4.8(4.6) Dodging


You had 4 spell levels left.
You didn't know any spells.

Dungeon Overview and Level Annotations

Branches:
Dungeon (4/16)
 Temple: D:4-7

Altars:
Makhleb
Sif Muna
Trog
Xom


Message History

The iguana is heavily wounded.
The iguana completely misses you.
You hit the iguana.
The iguana is almost dead.
The iguana completely misses you.
You closely miss the iguana.
The iguana is almost dead.
The iguana bites you!
* * * LOW HITPOINT WARNING * * *
You hit the iguana.
The iguana is almost dead.
The iguana barely misses you.
You closely miss the iguana.
The iguana is almost dead.
The iguana bites you.
* * * LOW HITPOINT WARNING * * *
You completely miss the iguana.
The iguana is almost dead.
The iguana bites you!
You die...

...# #>#
...#
#####.#
...#
#.....#
####
#.###.# #.#
#.# #.# #.#
#.# #.# #.#
#.# #.# #@#
#.###l#####
#....a....#
#####.###.#
#.# #..
#.## #.#
#.#


You could see an iguana and a worker ant.

Vanquished Creatures
  A worker ant (D:4)
  4 adders
  A giant mite (D:3)
  A worm (D:2)
  A giant gecko (D:3)
  An ooze (D:4)
  3 orcs (D:3)
  15 bats
  2 giant cockroaches
  9 goblins
  8 hobgoblins
  6 jackals
  11 kobolds
  4 ball pythons
  3 giant newts (D:1)
  3 quokkas (D:3)
  10 rats
83 creatures vanquished.

Notes
Turn   | Place    | Note
--------------------------------------------------------------
     0 | D:1      | HollowCharge, the High Elf Gladiator, began the quest for the Orb.
     0 | D:1      | Reached XP level 1. HP: 14/14 MP: 2/2
   138 | D:1      | Reached XP level 2. HP: 14/19 MP: 3/3
   540 | D:1      | Reached skill level 4 in Long Blades
   990 | D:2      | Reached XP level 3. HP: 21/25 MP: 5/5
  1544 | D:2      | Reached XP level 4. HP: 27/31 MP: 7/7
  2215 | D:3      | Found a shimmering altar of Xom.
  2215 | D:3      | Found a shimmering altar of Xom.
  2215 | D:3      | Found a shimmering altar of Xom.
  2215 | D:3      | Found a shimmering altar of Xom.
  2279 | D:3      | Found a bloodstained altar of Trog.
  2396 | D:3      | Found a deep blue altar of Sif Muna.
  2396 | D:3      | Found a burning altar of Makhleb.
  3032 | D:4      | Reached XP level 5. HP: 24/36 MP: 8/8
  3341 | D:4      | Mangled by an iguana

Action                   |  1- 3 |  4- 6 || total
-------------------------+-------+-------++-------
Melee: Falchion          |   144 |   193 ||   337
  Use: Scroll            |       |     9 ||     9
       Potion            |       |     3 ||     3
 Stab: Sleeping          |       |     1 ||     1
